 Dungeon Crawl Stone Soup version 0.15-a0-429-gf5d7e11 (webtiles) character file.

1488 4tharraofdagon the Cleaver (level 8, -1/74 HPs)
             Began as a Deep Dwarf Gladiator on May 6, 2014.
             Was an Elder of Jiyva.
             Succumbed to a kobold's poison
             ... on Level 9 of the Dungeon.
             The game lasted 00:11:32 (1910 turns).

4tharraofdagon the Cleaver (Deep Dwarf Gladiator)   Turns: 1910, Time: 00:11:32

HP  -1/74        AC 18     Str 20      XL: 8   Next: 42%
MP   5/5         EV  6     Int 10      God: Jiyva [****..]
Gold 84          SH  0     Dex 13      Spells:  0 memorised,  7 levels left

rFire  . . .     SeeInvis .     a - +0 war axe
rCold  . . .     Clarity  .     x - +0 plate armour
rNeg   + . .     Conserve .     (no shield)
rPois  .         rCorr    +     c - +0 helmet
rElec  .         rRot     .     s - +0 cloak
SustAb . .       Spirit   .     g - +0 pair of gloves
rMut   .         Warding  +     (no boots)
Saprov . . .     Stasis   .     o - amulet of warding
MR     +....                    (no ring)
                                i - ring of flight

@: non-regenerating, lethally poisoned, somewhat resistant to hostile
enchantments, extremely unstealthy
A: damage resistance, recharge devices, slimy green scales 1, sense surroundings
1, slow healing 3, tendrils
a: Device Recharging, Request Jelly, Jelly Paralyse, Slimify, Renounce Religion,
Evoke Flight


You were on level 9 of the Dungeon.
You worshipped Jiyva.
Jiyva was greatly pleased with you.
You were not hungry.

You visited 1 branch of the dungeon, and saw 9 of its levels.
You also visited: Sewer.

You collected 84 gold pieces.

Inventory:

Hand weapons
 a - a +0,+0 war axe (weapon)
Armour
 c - a +0 helmet (worn)
 g - a +0 pair of gloves (worn)
 s - a +0 cloak (worn)
 x - a +0 plate armour (worn)
Magical devices
 b - a wand of magic darts (9)
 d - a wand of fireball (3)
 e - a wand of heal wounds (7)
 t - a wand of digging (7)
Comestibles
 f - 2 bread rations
 q - a choko
 r - a meat ration
Scrolls
 h - 2 scrolls of remove curse {unknown}
 j - a scroll of enchant weapon I {unknown}
 m - 2 scrolls of identify {unknown}
 n - 2 scrolls of teleportation {unknown}
 u - a scroll of random uselessness {unknown}
 v - a scroll of fog {unknown}
Jewellery
 i - a ring of flight (left hand)
 o - an amulet of warding (around neck)
Potions
 k - a potion of confusion {unknown}
 p - a potion of agility {unknown}
 w - a potion of heal wounds {unknown}


   Skills:
 + Level 5.0 Fighting
 * Level 8.7 Axes
 - Level 1.7 Throwing
 + Level 5.5 Armour
 - Level 3.2 Dodging


You had 7 spell levels left.
You didn't know any spells.

Dungeon Overview and Level Annotations

Branches:
Dungeon (9/15)
 Temple: D:4-7          Orc: D:9-12        Lair: D:8-11

Altars:
Elyvilon
Jiyva

Shops:
D:5 }

Annotations:
D:5 Natasha


Innate Abilities, Weirdness & Mutations

You are resistant to damage.
You can recharge devices by infusing magical energy.
You passively map a small area around you.
You do not heal naturally.
You are partially covered in slimy green scales (AC +2).
Thin tendrils of slime have grown from your body.


Message History

A rat comes into view.
You see here a poisoned needle.
Unknown command.
The big kobold hits you but does no damage.
Unknown command.
Unknown command.
Unknown command.
The kobold shoots a poisoned needle.
The poisoned needle hits you!
You are more poisoned.
You see here a poisoned needle.
The kobold shoots a poisoned needle.
The poisoned needle hits you!
You are more poisoned.
You see here a poisoned needle.
The kobold shoots a poisoned needle.
The poisoned needle hits you.
You are lethally poisoned!
You see here a poisoned needle.
* * * LOW HITPOINT WARNING * * *
You feel sick.
There is an open door here.
You die...

#....# , * #### , #....# , #...
#....# *, #.## *#....# , , #.#
#...># #############.# ,, , ,
*#....# #.##.#......#.## ,, ,
##....###...........#.#. ,, ,
#..TK.'.................
#+#######.K(((#@..........#.#.##
.#..(%...r.....##....###...#.#.#.
.....)(...K....##.#......#.#.#.#.
...########.#####.########.#.#.##
. #.# #.# #.#.#.. * , , #.# #.#
#...### * #.#** #.# ##### *, * *
#.. #.# , , ### *.


You could see a troll and a big kobold.

Vanquished Creatures
  Pikel (D:6)
  The ghost of hurdos the Martial Artist, an experienced MfTm (D:6)
  The ghost of BluebellGnoll the Chucker, an experienced OgHu (D:4)
  A wolf (D:9)
  Edmund (D:5)
  A water moccasin (D:5)
  An orc priest (D:9)
  2 hounds
  An iguana (D:5)
  4 orc wizards
  An adder (D:4)
  2 giant mites
  3 worms (D:6)
  A gnoll zombie (D:5)
  A giant eyeball (D:4)
  A giant gecko (D:6)
  7 orcs
  2 ball pythons (D:4)
  7 goblins
  4 hobgoblins
  4 jackals (D:2)
  A quokka (D:3)
  2 bats
  A giant newt (D:2)
  A hobgoblin skeleton (D:4)
  5 kobolds
  A kobold skeleton (D:4)
  4 rats
62 creatures vanquished.

Vanquished Creatures (others)
  An ice beast (D:6)
  A wolf (D:9)
  A slave (D:6)
  A scorpion (D:6)
  10 jellies
  6 killer bees (D:6)
  A giant frog skeleton (D:5)
  2 adders (D:6)
  2 giant mites (D:5)
  2 giant geckos
  3 orcs (D:6)
  2 bats
  2 giant cockroaches (D:6)
  A quokka (D:6)
  A giant spore (D:7)
  3 goblins
  A kobold (D:6)
  A rat (D:5)
41 creatures vanquished.

Grand Total: 103 creatures vanquished

Notes
Turn   | Place    | Note
--------------------------------------------------------------
     0 | D:1      | 4tharraofdagon, the Deep Dwarf Gladiator, began the quest for the Orb.
     0 | D:1      | Reached XP level 1. HP: 19/19 MP: 1/1
    84 | D:1      | Reached skill level 1 in Armour
    84 | D:1      | Reached XP level 2. HP: 26/26 MP: 2/2
   187 | D:3      | Found a white marble altar of Elyvilon.
   332 | D:4      | Reached XP level 3. HP: 23/32 MP: 3/3
   381 | D:4      | Reached skill level 4 in Axes
   382 | D:4      | Reached XP level 4. HP: 16/40 MP: 4/4
   408 | D:4      | Paralysed by a giant eyeball for 2 turns
   479 | D:4      | Noticed BluebellGnoll's ghost (experienced OgHu)
   506 | D:4      | Killed BluebellGnoll's ghost
   506 | D:4      | Reached skill level 6 in Axes
   506 | D:4      | Reached XP level 5. HP: 28/49 MP: 5/5
   506 | D:4      | Reached XP level 6. HP: 32/56 MP: 6/6
   548 | D:4      | Found a viscous altar of Jiyva.
   567 | D:4      | Became a worshipper of Jiyva Junwases the Shapeless
   606 | D:4      | Acquired Jiyva's first power
   629 | D:5      | Entered Level 5 of the Dungeon
   693 | D:5      | Found Sihideca's Gadget Boutique.
   818 | D:6      | Noticed Pikel
   818 | D:6      | Noticed hurdos' ghost (experienced MfTm)
   839 | D:6      | Acquired Jiyva's second power
   886 | D:6      | Killed Pikel
   886 | D:6      | Reached skill level 7 in Axes
   886 | D:6      | Reached XP level 7. HP: 20/66 MP: 6/6
   980 | D:6      | Killed hurdos' ghost
  1057 | D:5      | Noticed a water moccasin
  1064 | D:5      | Noticed Edmund
  1078 | D:5      | Gained mutation: You are partially covered in slimy green scales (AC +2). [Jiyva's grace]
  1079 | D:5      | Killed a water moccasin
  1079 | D:5      | Reached skill level 5 in Armour
  1079 | D:5      | Reached XP level 8. HP: 34/73 MP: 5/5
  1083 | D:5      | Killed Edmund
  1083 | D:5      | Reached skill level 8 in Axes
  1159 | D:5      | Noticed Natasha
  1278 | D:6      | Found a glowing drain.
  1285 | Sewer    | Entered a sewer
  1474 | D:7      | Acquired Jiyva's third power
  1775 | D:9      | HP: 1/73 [orc priest/divine providence (12)]
  1790 | D:9      | Gained mutation: Thin tendrils of slime have grown from your body. [Jiyva's grace]
  1817 | D:9      | Reached skill level 5 in Fighting
  1896 | D:9      | Noticed a troll
  1900 | D:9      | HP: 3/74 [kobold (2)]
  1909 | D:9      | HP: 1/74 [poisoned by a kobold]
  1910 | D:9      | Succumbed to a kobold's poison

Action                   |  1- 3 |  4- 6 |  7- 9 || total
-------------------------+-------+-------+-------++-------
Melee: War axe           |    56 |    87 |   170 ||   313
Throw: Throwing net      |       |     4 |     1 ||     5
Invok: Request Jelly     |       |     2 |     4 ||     6
 Abil: Device Recharging |       |     1 |     2 ||     3
Evoke: Wand              |     1 |     7 |     7 ||    15
 Stab: Held in net/web   |       |     3 |       ||     3
       Distracted        |       |       |     3 ||     3

Vault maps used:
D:1:      dpeg_arrival_water_temple_mockup
D:2:      uniq_sigmund
D:3:      elyvilon_altar_4
D:4:      first_bread, kennysheep_donut, jiyva_altar_1
D:5:      minmay_temple_entry_poolview, serial_shops, shop, uniq_natasha,
          uniq_edmund
D:6:      gup_sewer_entry_bubbles, grunt_ministairs_14, uniq_pikel
D:7:      nicolae_overflow_hidden_temple
D:8:      grunt_ogre_cave, makhleb_altar_promises_db
D:9:      minmay_klotski, erik_lair_island
Sewer:    sewer_co_15_rooms
